 Dungeon Crawl Stone Soup version 0.19.1 (webtiles) character file.

44 Host24 the Bolt Thrower (level 3, 0/23 HPs)
             Began as a Kobold Hunter on Dec 28, 2016.
             Succumbed to an adder's poison
             ... on level 1 of the Dungeon.
             The game lasted 00:02:13 (1133 turns).

Host24 the Bolt Thrower (Kobold Hunter)             Turns: 1133, Time: 00:02:14

Health: 0/23       AC:  3    Str:  9    XL:     3   Next: 85%
Magic:  3/3        EV: 15    Int: 12    God:
Gold:   67         SH:  0    Dex: 16    Spells: 0 memorised, 2 levels left

rFire  . . .     SeeInvis .     a - +1 hand crossbow
rCold  . . .     Gourm    .     c - +0 leather armour
rNeg   . . .     Faith    .     (shield restricted)
rPois  .         Spirit   .     (no helmet)
rElec  .         Reflect  .     (no cloak)
rCorr  .         Harm     .     (no gloves)
MR     .....                    (no boots)
Stlth  ++........               (no amulet)
                                (no ring)
                                (no ring)

@: lethally poisoned (0 -> -5)
A: carnivore 3
a: no special abilities


You were on level 1 of the Dungeon.
You were completely stuffed.

You visited 1 branch of the dungeon, and saw 2 of its levels.

You collected 67 gold pieces.

Inventory:

Hand Weapons
 a - a +1 hand crossbow (weapon)
 b - a +0 short sword
Missiles
 d - 65 bolts (quivered)
 j - 13 stones
 k - 11 poisoned needles
Armour
 c - a +0 leather armour (worn)
Jewellery
 h - an uncursed ring of ice {unknown}
Scrolls
 e - 2 scrolls of teleportation {unknown}
 i - a scroll of enchant armour {unknown}
 l - a scroll of identify {unknown}
Potions
 m - a potion of haste {unknown}
Comestibles
 f - a meat ration
 g - 2 slices of pizza


   Skills:
 + Level 3.6 Fighting
 - Level 5.0 Crossbows
 - Level 3.1 Dodging
 - Level 1.3 Stealth


You had 2 spell levels left.
You didn't know any spells.

Dungeon Overview and Level Annotations

Branches:
Dungeon (2/15)

Altars:

Annotations:
D:2 Ijyb


Innate Abilities, Weirdness & Mutations

You are small and have problems with some larger weapons.
You are carnivorous and can eat meat at any time.


Message History

You shoot a bolt. The bolt hits the adder!
The adder is almost dead.
The adder bites you.
* * * LOW HITPOINT WARNING * * *
Firing (i - inventory. (,) - cycle):
d - 68 bolts (quivered)
Press: ? - help, Shift-Dir - straight line, f/p - adder
Aim: an adder (almost dead)
You shoot a bolt. The bolt closely misses the adder.
* * * LOW HITPOINT WARNING * * *
You feel sick. The adder bites you but does no damage. The adder misses you.
Firing (i - inventory. (,) - cycle):
d - 67 bolts (quivered)
Press: ? - help, Shift-Dir - straight line, f/p - adder
Aim: an adder (almost dead)
You shoot a bolt. The bolt closely misses the adder.
The adder closely misses you.
Firing (i - inventory. (,) - cycle):
d - 66 bolts (quivered)
Press: ? - help, Shift-Dir - straight line, f/p - adder
Aim: an adder (almost dead)
You shoot a bolt. The bolt barely misses the adder.
You die...

# #.............# #
#.###########.# #
#.#.........#.# #
#.#.#######.#.# ##
#.#.###.#.....### .#
#.#.....#.#.....# .#####
#.#..##.#)#.#...#
.....#####.#####.#†#.#.###
.........(.....S@#.#.....#
.....#####)#.###.#.#######
.##### #.#.....#.......#
.# ######.###########.###
.# #......#.....# #.# .#
#.######.###.# #.# .# #.#
#######.# #.# .####.#
#.....#)#####.#
...##.####.###.#.......#


You could see an adder.

Vanquished Creatures
  An ooze (D:1)
  2 dart slugs (D:1)
  A leopard gecko (D:1)
  3 bats (D:1)
  4 giant cockroaches (D:1)
  4 goblins (D:1)
  4 hobgoblins (D:1)
  2 jackals (D:1)
  2 frilled lizards (D:1)
  5 kobolds (D:1)
  4 rats (D:1)
32 creatures vanquished.

Notes
Turn   | Place    | Note
-------+----------+-------------------------------------------
     0 | D:1      | Host24 the Kobold Hunter began the quest for the Orb.
     0 | D:1      | Reached XP level 1. HP: 12/12 MP: 1/1
   106 | D:1      | Reached XP level 2. HP: 15/18 MP: 2/2
   434 | D:1      | Reached XP level 3. HP: 18/23 MP: 3/3
   580 | D:1      | Reached skill level 5 in Crossbows
  1116 | D:2      | Noticed Ijyb
  1131 | D:1      | HP: 1/23 [poisoned by an adder]
  1133 | D:1      | Succumbed to an adder's poison

Skill      XL: |  1  2  3 |
---------------+----------+-----
Fighting       | 3 |  3.6
Dodging        | 3 |  3.1
Crossbows      | 5 |  5.0
Stealth        | |  1.3

Action                   || total
-------------------------++-------
Melee: Short sword       ||   113
 Fire: Hand crossbow     ||     7
 Stab: Sleeping          ||     4
  Eat: Chunk             ||     9
Armor: Leather armour    ||    23
Dodge: Dodged            ||    91
